 Dungeon Crawl Stone Soup version 0.29-a0-234-g0dae59b3db (webtiles) character file.

Game seed: 1420760611326425060

290 Grim the Poker (level 6, -6/51 HPs)
             Began as a Minotaur Fighter on Mar 2, 2022.
             Mangled by an ogre
             ... wielding a +0 giant club
              (21 damage)
             ... on level 4 of the Dungeon.
             The game lasted 00:04:12 (2954 turns).

Grim the Poker (Minotaur Fighter)                   Turns: 2954, Time: 00:04:12

Health: -6/51      AC: 10    Str: 21    XL:     6   Next: 9%
Magic:  5/5        EV:  7    Int:  7    God:
Gold:   146        SH:  4    Dex:  9    Spells: 5/5 levels left

rFire   . . .      SeeInvis .   a - +0 trident
rCold   . . .      Faith    .   c - +0 buckler
rNeg    . . .      Spirit   .   g - +0 chain mail
rPois   .          Reflect  .   (helmet restricted)
rElec   .          Harm     .   (no cloak)
rCorr   .          Rampage  .   (no gloves)
Will    .....                   h - +0 pair of boots
Stlth   ..........              (no amulet)
HPRegen 0.17/turn               (no ring)
MPRegen 0.09/turn               (no ring)

@: mighty
A: horns 2, retaliatory headbutt
a: no special abilities


You were on level 4 of the Dungeon.
You visited 1 branch of the dungeon, and saw 4 of its levels.

You collected 146 gold pieces.

Inventory:

Hand Weapons
 a - a +0 trident (weapon)
Missiles
 f - 8 poisoned darts (quivered)
Armour
 c - a +0 buckler (worn)
 g - a +0 chain mail (worn)
 h - a +0 pair of boots (worn)
Wands
 o - a wand of polymorph (8)
 r - a wand of acid (6)
Scrolls
 b - 6 scrolls of identify {unknown}
 d - 2 scrolls of magic mapping {unknown}
 j - 2 scrolls of immolation {unknown}
 l - a scroll of enchant weapon {unknown}
 m - a scroll of fog {unknown}
 n - a scroll of teleportation {unknown}
Potions
 e - 2 potions of brilliance {unknown}
 i - a potion of degeneration {unknown}
 k - 2 potions of mutation {unknown}
 p - 2 potions of attraction {unknown}


   Skills:
 - Level 3.6 Fighting
 + Level 7.8 Polearms
 - Level 3.6 Armour
 - Level 3.6 Shields


You had 5 spell levels left.
You didn't know any spells.
Your spell library contained the following spells:

 Spells                   Type           Power      Damage    Failure   Level
 Beastly Appendage        Tmut           0%         N/A       99%         1
 Magic Dart               Conj           0%         1d3       99%         1
 Call Imp                 Summ           0%         N/A       100%        2
 Ensorcelled Hibernation  Hex/Ice        0%         N/A       100%        2
 Passwall                 Tmut/Erth      0%         N/A       100%        2
 Wereblood                Tmut           0%         N/A       100%        2
 Mephitic Cloud           Conj/Pois/Air  0%         N/A       100%        3
 Spider Form              Tmut/Pois      0%         N/A       100%        3
 Swiftness                Air            0%         N/A       100%        3


Dungeon Overview and Level Annotations

Branches:
Dungeon (4/15)
 Temple: D:4-7

Altars:


Innate Abilities, Weirdness & Mutations

You have a pair of horns on your head.
You reflexively headbutt those who attack you in melee.


Message History

There is an escape hatch in the floor here.
A goblin comes into view. It is wielding a +0 club.
You reach to attack!
You puncture the goblin!
You kill the goblin!
No target in view!
Things that are here:
a +0 club; a goblin corpse You now have 136 gold pieces (gained 6).
Found a ring mail.
You now have 146 gold pieces (gained 10).
You see here a +0 ring mail.
You pick up a book of Minor Magic and begin reading...
You add the spells Magic Dart, Call Imp and Mephitic Cloud to your library.
No target in view!
No target in view!
An ogre comes into view. It is wielding a +0 giant club.
The ogre shouts!
You reach to attack!
You hit the ogre but do no damage. You barely miss the ogre.
The ogre hits you with a +0 giant club!!
* * * LOW HITPOINT WARNING * * *
You hit the ogre. Your headbutt misses the ogre.
The ogre is lightly wounded.
The ogre hits you with a +0 giant club!
* * * LOW HITPOINT WARNING * * *
You are too injured to fight recklessly!
You are too injured to fight recklessly!
You feel very mighty all of a sudden.
Reach: a) +0 trident
Press: ? - help, Dir - move target, f/p - ogre
Aim: an ogre, wielding a +0 giant club (about 27% to evade your +0 trident)
You reach to attack!
You barely miss the ogre. You closely miss the ogre. You headbutt the ogre!
The ogre is heavily wounded.
The ogre hits you with a +0 giant club!
* * * LOW HITPOINT WARNING * * *
You puncture the ogre!
The ogre is almost dead.
The ogre hits you with a +0 giant club!!
You die...

#.)....###.....#
#......+........
#......####..#.#
#...........>...
###...##########.#
#.................
#.#...#....#####.#
#.....).)......#.#
#@#....)...###.#.#
#O#...#.#<..##.#..
#.#...#.#.#.##.###
#.#####.#.#.......
#.# #.########.#
#.# #.#.........
#.#####.#.######.#
#.#............#.#
#.#.##########.#.#


You could see an ogre.

Vanquished Creatures
  Sigmund (D:2)
  A hound (D:4)
  Robin (D:2)
  2 adders
  2 worms
  2 dart slugs (D:1)
  5 orcs
  7 endoplasms
  2 giant cockroaches
  16 goblins
  9 hobgoblins
  A quokka (D:1)
  7 ball pythons
  4 frilled lizards
  4 kobolds
  A rat (D:1)
65 creatures vanquished.

Vanquished Creatures (others)
  A goblin (D:2)
1 creature vanquished.

Grand Total: 66 creatures vanquished

Notes
Turn   | Place    | Note
-------+----------+-------------------------------------------
     0 | D:1      | Grim the Minotaur Fighter began the quest for the Orb.
     0 | D:1      | Reached XP level 1. HP: 19/19 MP: 0/0
    97 | D:1      | Reached skill level 3 in Polearms
   164 | D:1      | Reached XP level 2. HP: 26/26 MP: 1/1
   528 | D:2      | Noticed Robin
   533 | D:1      | Reached skill level 4 in Polearms
   801 | D:1      | Reached XP level 3. HP: 28/31 MP: 2/2
  1041 | D:2      | Killed Robin
  1043 | D:2      | Reached skill level 5 in Polearms
  1128 | D:2      | Noticed Sigmund
  1145 | D:2      | Killed Sigmund
  1146 | D:2      | Reached skill level 7 in Polearms
  1146 | D:2      | Reached XP level 4. HP: 11/39 MP: 3/3
  1146 | D:2      | Reached XP level 5. HP: 12/45 MP: 4/4
  1752 | D:2      | Found a faded altar of an unknown god.
  2556 | D:4      | Reached XP level 6. HP: 51/51 MP: 5/5
  2954 | D:4      | Mangled by an ogre

Illustrated notes

Levels and vault maps discovered:
D:1:      evilmike_arrival_rings, layout_rooms
D:2:      layout_loops_ring, hellmonk_ecumenical_altar_heavens_door,
          grunt_ministairs_9, uniq_robin, uniq_sigmund
D:3:      layout_basic, minmay_diced_spiral
D:4:      layout_basic, lemuel_crystal_altar

Skill      XL: |  1  2  3 |
---------------+----------+-----
Polearms       | 3 4 7 |  7.8
Fighting       | |  3.6
Armour         | |  3.6
Shields        | |  3.6

Action                   |  1- 3 |  4- 6 || total
-------------------------+-------+-------++-------
Melee: Trident           |    71 |    92 ||   163
       Headbutt          |     7 |     8 ||    15
  Use: Potion            |     1 |     1 ||     2
Armor: Scale mail        |     3 |       ||     3
       Chain mail        |    33 |    22 ||    55
Dodge: Dodged            |    28 |    13 ||    41
Block: Buckler           |    19 |    10 ||    29

Table legend: (Time is in decaauts)
 A = Elapsed time spent in this place.
 B = Non-inter-level travel time spent in this place.
 C = Inter-level travel time spent in this place.
 D = Time resting spent in this place.
 E = Time spent auto-exploring this place.
 F = Levels seen in this place.
 G = Mean time per level.
                   A        B        C        D        E       F      G
               +--------+--------+--------+--------+--------+-----+--------+
         Total |   2964 |   2846 |    118 |    665 |   1613 |   4 |  741.0 |
       Dungeon |   2964 |   2846 |    118 |    665 |   1613 |   4 |  741.0 |
               +--------+--------+--------+--------+--------+-----+--------+

Top non-repeatable levels by time:
     D:1: 1039 daAuts
     D:2: 954 daAuts
     D:3: 569 daAuts
     D:4: 401 daAuts
